 Dungeon Crawl Stone Soup version 0.21-a0-110-g8e1637b (webtiles) character file.

75047 Charly the Carver (level 15, -8/143 HPs)
             Began as a Centaur Skald on July 10, 2017.
             Was a Believer of Ashenzari.
             Mangled by a guardian serpent (12 damage)
             ... on level 3 of the Snake Pit on July 11, 2017.
             The game lasted 02:02:11 (10883 turns).

Charly the Carver (Centaur Skald)                  Turns: 10883, Time: 02:02:12

Health: -8/143     AC: 27    Str: 19 (20) XL:     15   Next: 8%
Magic:  15/18      EV: 13    Int: 16 (17) God:    Ashenzari [**....]
Gold:   1636       SH: 15    Dex: 20 (21) Spells: 4/18 levels left

rFire    + + .     SeeInvis .   l - +10 scimitar of Makhleb {protect, *Noise +Blink +Inv Dex+6} (curse)
rCold    . . .     Gourm    .   H - +1 buckler {AC+3} (curse)
rNeg     . . .     Faith    .   u - +4 ring mail of Salvation {rElec rPois} (curse)
rPois    +         Spirit   .   (helmet restricted)
rElec    +         Reflect  +   J - scarf {rC+ rF+} (curse)
rCorr    .         Harm     .   D - +0 pair of gloves (curse)
MR       +....                  (no barding)
Stlth    +.........             M - brooch of Shielding {Reflect SH+8} (curse)
HPRegen  0.33/turn              R - ring of the Distant Future {rF+ rC- Str+4 Int+4} (curse)
MPRegen  0.16/turn              L - +3 ring of dexterity (curse)

@: lethally poisoned (-8 -> -8), protection aura, constricted, very quick
A: fangs 1, hooves 3, horns 1, icy blue scales 1, thin metallic scales 1,
deformed body, deterioration 2, speed 2, robust 1, electricity resistance, tough
skin 3
a: Curse Item, Scrying, Renounce Religion, Evoke Blink, Evoke Invisibility


You were on level 3 of the Snake Pit.
You worshipped Ashenzari.
Ashenzari was pleased with you.
You were not hungry.

You visited 7 branches of the dungeon, and saw 28 of its levels.
You also visited: Labyrinth and Trove.

You collected 1636 gold pieces.

Inventory:

Hand Weapons
 f - the +7 short sword of Judgement {speed, *Corrode rF++ rC+++ rN+}
   (You found it on level 1 of the Snake Pit)

   Attacks with this weapon are significantly faster.
   It greatly protects you from fire.
   It renders you almost immune to cold.
   It protects you from negative energy.
   It may corrode you when you take damage.
 l - the cursed +10 scimitar of Makhleb (weapon) {protect, *Noise +Blink +Inv Dex+6}
   (You found it on level 2 of the Lair of Beasts)

   It protects the one who uses it against injury (+AC on strike).
   It affects your dexterity (+6).
   It lets you turn invisible.
   It lets you blink.
   It may make noises in combat.
   It has a curse placed upon it.
 x - a +1 spear of distortion
 P - a +0 scimitar of flaming
Armour
 i - a cursed +0 helmet
 r - a +0 shield of reflection
 u - the cursed +4 ring mail of Salvation (worn) {rElec rPois}
   (You found it on level 5 of the Dungeon)

   It insulates you from electricity.
   It protects you from poison.
   It has a curse placed upon it.
 D - a cursed +0 pair of gloves (worn)
 H - a cursed +1 buckler of protection (worn)
 I - a +0 troll leather armour
 J - a cursed scarf of resistance (worn)
Jewellery
 c - an uncursed ring of protection from cold
 m - an uncursed ring of protection from magic
 n - an uncursed ring of positive energy
 p - a cursed ring of poison resistance
 L - a cursed +3 ring of dexterity (right hand)
 M - the cursed brooch of Shielding (around neck) {Reflect SH+8}
   (You found it in a treasure trove)

   [amulet of reflection]

   It shields you and reflects attacks.
   It affects your SH (+8).
   It has a curse placed upon it.
 N - the cursed amulet "Fewkam" {Spirit *Corrode +Fly rPois rC+}
   (You found it in a treasure trove)

   [amulet of guardian spirit]

   It causes incoming damage to be split between your health and magic.
   It protects you from cold.
   It protects you from poison.
   It lets you fly.
   It may corrode you when you take damage.
   It has a curse placed upon it.
 O - the macabre finger necklace {rN+}
   (You found it in a treasure trove)

   [amulet of nothing]

   It protects you from negative energy.
 R - the cursed ring of the Distant Future (left hand) {rF+ rC- Str+4 Int+4}
   (You found it in a treasure trove)

   [ring of intelligence]

   It affects your strength (+4).
   It affects your intelligence (+4).
   It protects you from fire.
   It makes you vulnerable to cold.
   It has a curse placed upon it.
Wands
 z - a wand of digging (8/24)
Scrolls
 j - a scroll of recharging
 o - 2 scrolls of immolation
 v - 3 scrolls of teleportation
 y - a scroll of brand weapon
 G - 3 scrolls of fog
 T - a scroll of enchant armour
Potions
 a - 2 potions of resistance
 b - a potion of brilliance
 e - 3 potions of lignification
 g - 2 potions of might
 q - 2 potions of mutation
 t - 4 potions of curing
 w - a potion of haste {unknown}
 A - 3 potions of cancellation
 C - 2 potions of flight {unknown}
 E - a potion of magic {unknown}
 F - a potion of agility
 K - 2 potions of ambrosia
Books
 h - a book of Geomancy

   Spells                             Type                      Level
   a - Sandblast                      Earth                        1
   b - Passwall                       Transmutation/Earth          2
   c - Stone Arrow                    Conjuration/Earth            3
   d - Petrify                        Transmutation/Earth          4
   e - Lee's Rapid Deconstruction     Earth                        5
Comestibles
 d - 7 bread rations
 Q - 6 meat rations


   Skills:
 + Level 11.5 Fighting
 + Level 13.1(15.1) Long Blades
 - Level 9.4 Polearms
 + Level 8.3(9.8) Armour
 + Level 8.3(9.8) Dodging
 + Level 2.6(3.8) Shields
 - Level 2.2 Spellcasting
 - Level 4.0(6.1) Hexes
 - Level 5.1(7.4) Charms
 - Level 4.0(6.2) Necromancy


You had 4 spell levels left.
You knew the following spells:

 Your Spells              Type           Power        Failure   Level  Hunger
g - Shroud of Golubria    Chrm/Tloc      ##........   10%         2    ###....
q - Swiftness             Chrm/Air       ##......     10%         2    ###....
r - Regeneration          Chrm/Necr      ###.......   6%          3    ###....
s - Song of Slaying       Chrm           ####....     2%          2    ###....
w - Spectral Weapon       Hex/Chrm       ###.....     6%          3    ###....
P - Passwall              Tmut/Erth      #.........   38%         2    ###....


Dungeon Overview and Level Annotations

Branches:
Dungeon (15/15)            Temple (1/1) D:5            Lair (5/6) D:10
  Swamp (0/4) Lair:3        Snake (3/4) Lair:2        Slime (0/5) Lair:5
    Orc (2/2) D:10            Elf (1/3) Orc:2        Vaults (0/5) D:13
 Depths (1/5) D:15

Altars:
Ashenzari
Cheibriados
Elyvilon
Hepliaklqana
Kikubaaqudgha
Makhleb
Nemelex Xobeh
Okawaru
Ru
Trog
Uskayaw
Vehumet
Wu Jian
Xom
Zin
The Shining One
Beogh
Jiyva

Shops:
D:8 =   D:10 }   D:11 !   D:14 [   Orc:2 =[*(   Snake:3 }

Annotations:
D:6 Dowan, Duvessa
D:8 Gastronok; Psyche


Innate Abilities, Weirdness & Mutations

You have hooves in place of feet.
Armour fits poorly on your strangely shaped body.
You cover ground very quickly.
You have extremely tough skin. (AC +3)
You have very sharp teeth.
You have a pair of small horns on your head.
You are partially covered in icy blue scales. (AC +2)
You are partially covered in thin metallic scales. (AC +2)
Your body often deteriorates upon taking damage.
You are robust. (+10% HP)
You are resistant to electric shocks. (rElec)


Message History

You block the naga warrior's attack. The naga warrior constricts you.
Unknown command.
The naga warrior blocks your attack.
You headbutt the naga warrior. Your bite misses the naga warrior.
The naga warrior is lightly wounded.
The guardian serpent hits you.
* * * LOW HITPOINT WARNING * * *
Unknown command.
You slash the naga warrior! You kick the naga warrior.
You headbutt the naga warrior.
The naga warrior is moderately wounded.
You block the guardian serpent's attack.
The naga warrior hits you but does no damage.
The naga warrior constricts you.
Unknown command.
The naga warrior blocks your attack. x2; Your headbutt misses the naga warrior.
You bite the naga warrior.
The naga warrior is moderately wounded.
You feel sick. The guardian serpent hits you!
You die...

##.........# +
#?
#...(..#...# *
#.
##...######.#
#. #..(.# ## *
#. ##..)## **
,* #. #....# *
, .... #....#
,, ,*###..
#..N)# , * #..
#...@# * *...
##...S# *
*#...
#....)### ,,
.... #.......#
,
#............
,,
#............
#.............
,
#.............
, *
#.............
*


You could see a naga warrior and a guardian serpent.

Vanquished Creatures
  Donald (Orc:2)
  A balrug (Depths:1)
  A nagaraja (Snake:2)
  A stone giant (Orc:2)
  4 ettins
  A fire dragon (Depths:1)
  A yaktaur captain (D:15)
  Harold (Lair:1)
  An ogre mage (Depths:1)
  The ghost of oki the Cleaver, a journeyman OpFi of Okawaru (D:9)
  Erolcha (Orc:2)
  2 naga warriors
  3 anacondas
  2 centaur warriors
  Erica (D:10)
  8 two-headed ogres
  2 dancing weapons (D:13)
  3 tengu warriors
  A naga sharpshooter (Snake:3)
  A sea snake (Snake:3)
  2 unseen horrors
  2 naga ritualists (Snake:2)
  4 mana vipers
  2 orc sorcerers
  2 deep elf magi
  13 ugly things
  13 cyclopes
  3 manticores
  2 centaur zombies (D:15)
  2 elephants (Lair:5)
  6 black mambas
  3 naga magi
  2 centaur skeletons
  6 spiny frogs
  2 rime drakes (Lair:2)
  4 yaktaurs (Depths:1)
  2 hellwings (Depths:1)
  4 komodo dragons
  A queen bee (Lair:2)
  A tengu conjurer (D:15)
  4 red devils (Depths:1)
  5 trolls
  A hornet (shapeshifter) (D:15)
  2 hornets
  5 slime creatures
  A blink frog (Lair:2)
  Grinder (D:6)
  3 hippogriffs
  A spriggan (D:12)
  A vampire (D:15)
  A wraith (D:10)
  2 shadows
  2 wyverns
  24 yaks
  5 redbacks (Lab)
  3 basilisks
  2 hungry ghosts (Lab)
  2 steam dragons
  2 acid dragons
  6 nagas
  A warg (Orc:2)
  10 water moccasins
  2 ice beasts
  A sky beast (D:10)
  7 porcupines
  5 black bears
  2 eyes of draining
  8 orc warriors
  2 eyes of draining (shapeshifter) (D:13)
  7 ogres
  8 wolves
  9 centaurs
  5 boggarts (D:14)
  4 crocodiles
  4 big kobolds
  A gnoll sergeant (Orc:2)
  19 bullfrogs
  A wyvern zombie (D:12)
  3 scorpions
  A wyvern skeleton (D:12)
  32 killer bees
  2 wights (D:15)
  3 howler monkeys
  3 crimson imps
  A bullfrog zombie (D:11)
  4 hounds
  7 orc priests
  4 jellies
  8 orc wizards
  An iguana (D:14)
  4 worker ants
  3 gnolls (Orc:2)
  A howler monkey zombie (D:6)
  5 adders
  3 shadow imps
  A worm (D:6)
  A dart slug (D:2)
  A leopard gecko (D:3)
  35 orcs
  A giant cockroach (D:2)
  8 hobgoblins
  4 jackals (D:3)
  18 kobolds
  A quokka (D:9)
  2 ball pythons
  A bat (D:2)
  2 frilled lizards
  4 goblins
  A leopard gecko skeleton (D:7)
  A quokka skeleton (D:6)
  4 rats (D:3)
  A fungus (D:10)
453 creatures vanquished.

Vanquished Creatures (others)
  An orc priest (Orc:1)
  An orc (Orc:1)
  15 fungi
  7 plants
  31 spectral weapons
55 creatures vanquished.

Grand Total: 508 creatures vanquished

Notes
Turn   | Place    | Note
-------+----------+-------------------------------------------
     0 | D:1      | Charly the Centaur Skald began the quest for the Orb.
     0 | D:1      | Reached XP level 1. HP: 17/17 MP: 3/3
    34 | D:2      | resi scarf
   153 | D:2      | Reached XP level 2. HP: 12/24 MP: 4/4
   187 | D:2      | Found a hide-covered altar of Uskayaw.
   279 | D:2      | You fall through a shaft for 2 floors!
   305 | D:3      | Found a snail-covered altar of Cheibriados.
   384 | D:3      | Reached XP level 3. HP: 22/29 MP: 5/5
   394 | D:3      | Learned a level 3 spell: Spectral Weapon
   426 | D:3      | Noticed a scorpion
   454 | D:3      | Reached skill level 1 in Hexes
   458 | D:3      | Reached XP level 4. HP: 23/36 MP: 1/6
   541 | D:4      | Reached XP level 5. HP: 15/41 MP: 0/7
   555 | D:4      | Learned a level 3 spell: Regeneration
   604 | D:4      | Noticed a centaur
   683 | D:5      | Entered Level 5 of the Dungeon
   758 | D:4      | Noticed an ogre
   781 | D:4      | Noticed an ice beast
   834 | D:4      | Killed an ogre
   834 | D:4      | Reached skill level 1 in Necromancy
   907 | D:4      | Killed an ice beast
   907 | D:4      | Reached XP level 6. HP: 18/48 MP: 5/9
  1010 | D:5      | Found a radiant altar of Vehumet.
  1010 | D:5      | Found a sparkling altar of Nemelex Xobeh.
  1015 | D:5      | Found a staircase to the Ecumenical Temple.
  1039 | Temple   | Entered the Ecumenical Temple
  1087 | Temple   | Became a worshipper of Ashenzari the Shackled
  1142 | D:6      | Learned a level 2 spell: Song of Slaying
  1231 | D:6      | Noticed Dowan
  1231 | D:6      | Noticed Duvessa
  1329 | D:5      | Got the uncursed ring mail of Salvation {rElec rPois}
  1335 | D:5      | Identified the +4 ring mail of Salvation {rElec rPois} (You found it on level 5 of the Dungeon)
  1350 | D:5      | Reached XP level 7. HP: 31/55 MP: 0/10
  1416 | D:6      | Noticed Grinder
  1419 | D:6      | Paralysed by Grinder for 3 turns
  1428 | D:6      | Killed Grinder
  1428 | D:6      | Reached skill level 1 in Armour
  1475 | D:7      | Found a glowing silver altar of Zin.
  1519 | D:8      | Reached skill level 5 in Polearms
  1554 | D:8      | Noticed Gastronok
  1599 | D:9      | Noticed oki's ghost (journeyman OpFi)
  1612 | D:8      | Reached XP level 8. HP: 54/63 MP: 1/11
  1664 | D:8      | Found Huwazxouxu's Jewellery Emporium.
  1706 | D:8      | Found a hazy altar of Hepliaklqana.
  1729 | D:8      | Noticed Psyche
  1862 | D:9      | Reached * piety under Ashenzari
  1892 | D:9      | Noticed a troll
  1907 | D:9      | Killed a troll
  2234 | D:9      | Killed oki's ghost
  2234 | D:9      | Reached skill level 5 in Fighting
  2234 | D:9      | Reached XP level 9. HP: 66/74 MP: 3/12
  2262 | D:10     | Entered Level 10 of the Dungeon
  2270 | D:9      | Found a shimmering altar of Xom.
  2271 | D:9      | GASTRO=MR+ ?
  2471 | D:10     | Noticed a gargoyle
  2538 | D:10     | Found a staircase to the Orcish Mines.
  2553 | D:10     | Gained mutation: You evolve. [mutagenic meat]
  2555 | D:10     | Gained mutation: Your magical capacity is low. (-10% MP) [mutagenic meat]
  2556 | D:10     | Gained mutation: Your body sometimes deteriorates upon taking damage. [mutagenic meat]
  2557 | D:10     | Gained mutation: You can translocate small distances at will. [mutagenic meat]
  2558 | D:10     | Gained mutation: You are partially covered in thin metallic scales. (AC +2) [mutagenic meat]
  2580 | D:10     | Found a staircase to the Lair.
  2891 | D:11     | Noticed a purple ugly thing
  2931 | D:10     | Found Nennetz's Gadget Shop.
  3062 | Lair:1   | Entered Level 1 of the Lair of Beasts
  3062 | Lair:1   | Found a labyrinth entrance.
  3065 | Lab      | Entered a labyrinth
  3146 | Lab      | Reached ** piety under Ashenzari
  3156 | Lab      | Reached XP level 10. HP: 76/83 MP: 5/11
  3258 | Lab      | Learned a level 2 spell: Passwall
  3551 | Lab      | Noticed a minotaur
  3623 | Lair:1   | Noticed Harold
  3709 | Lair:2   | Noticed a spiny frog
  3718 | Lair:2   | Killed a spiny frog
  3720 | Lair:2   | Found a staircase to the Snake Pit.
  3791 | Lair:2   | Identified the +10 scimitar of Makhleb {protect, *Noise +Blink +Inv Dex+6}
  3851 | Lair:3   | Noticed a spiny frog
  3862 | Lair:3   | Killed a spiny frog
  3862 | Lair:3   | Reached skill level 2 in Long Blades
  3872 | Lair:3   | Found a staircase to the Swamp.
  3894 | Lair:3   | Noticed a spiny frog
  3911 | Lair:3   | Killed a spiny frog
  3911 | Lair:3   | Reached skill level 3 in Long Blades
  3922 | Lair:3   | Identified the +1 leather armour of Wiguogic {-Tele Int+4 Dex+4 SInv}
  3953 | Lair:4   | Reached *** piety under Ashenzari
  3964 | Lair:4   | Noticed a spiny frog
  3991 | Lair:4   | Killed a spiny frog
  3991 | Lair:4   | Reached skill level 4 in Long Blades
  4018 | Lair:5   | Noticed a four-headed hydra
  4018 | Lair:5   | Noticed an elephant
  4020 | Lair:5   | Noticed an elephant
  4042 | Lair:5   | Noticed an elephant
  4105 | Lair:4   | Gained mutation: Your mind is acute. (Int +2) [evolution]
  4141 | Lair:4   | Reached skill level 5 in Long Blades
  4183 | Lair:4   | Reached skill level 6 in Long Blades
  4276 | Lair:4   | Reached skill level 7 in Long Blades
  4276 | Lair:4   | Reached XP level 11. HP: 61/89 MP: 1/12
  4429 | Lair:4   | Reached skill level 8 in Long Blades
  4495 | Lair:4   | Learned a level 2 spell: Shroud of Golubria
  4499 | Lair:4   | Learned a level 2 spell: Swiftness
  4589 | Lair:5   | Noticed a six-headed hydra
  4620 | Lair:5   | Reached skill level 9 in Long Blades
  4723 | Lair:5   | Found a staircase to the Slime Pits.
  4844 | Lair:3   | Reached skill level 10 in Long Blades
  5048 | Lair:1   | Killed Harold
  5108 | D:11     | Killed a cyan ugly thing
  5169 | D:11     | Identified the ring of Qedeaty {rPois rC+ rN+ Str-2}
  5169 | D:11     | Identified the ring "Qauddez" {Ice Str+3 Dex+5}
  5169 | D:11     | Identified the ring of Ashenzari's Envy {Str+3 Dex+3 Slay+3}
  5169 | D:11     | Identified the ring "Ushaom" {rCorr rPois Dex+3}
  5169 | D:11     | Noticed a centaur warrior
  5169 | D:11     | Noticed a centaur warrior
  5171 | D:11     | Found Upeshrist's Distillery.
  5187 | D:11     | Noticed a rakshasa
  5188 | D:11     | Noticed a two-headed ogre
  5196 | D:11     | Killed a two-headed ogre
  5256 | D:11     | Reached XP level 12. HP: 13/100 MP: 2/13
  5371 | D:12     | Reached skill level 5 in Dodging
  5390 | D:12     | Found a viscous altar of Jiyva.
  5403 | D:12     | Reached skill level 5 in Armour
  5602 | D:13     | Gained mutation: You have very sharp teeth. [mutagenic meat]
  5604 | D:13     | Gained mutation: You are resistant to electric shocks. (rElec) [mutagenic meat]
  5657 | D:13     | Reached **** piety under Ashenzari
  5664 | D:13     | Found a gate to the Vaults.
  6183 | D:13     | Noticed a tengu warrior
  6202 | D:13     | Killed a tengu warrior
  6202 | D:13     | Reached skill level 5 in Charms
  6232 | D:13     | Found a portal to a secret trove of treasure.
  6239 | Trove    | Entered a treasure trove
  6243 | Trove    | Identified the cursed ring of the Distant Future {rF+ rC- Str+4 Int+4}
  6243 | Trove    | Identified the ring "Viqiw" {Dex+2 Stlth-}
  6243 | Trove    | Identified the cursed amulet "Fewkam" {Spirit *Corrode +Fly rPois rC+}
  6366 | D:14     | Found Kimicwu's Armour Boutique.
  6384 | D:14     | Reached skill level 1 in Shields
  6395 | D:14     | Gained mutation: Your body often deteriorates upon taking damage. [mutagenic meat]
  6397 | D:14     | Gained mutation: Your spells are a little easier to cast, but a little less powerful. [mutagenic meat]
  6398 | D:14     | Gained mutation: You have a pair of small horns on your head. [mutagenic meat]
  6399 | D:14     | Lost mutation: Your mind is acute. (Int +2) [mutagenic meat]
  6400 | D:14     | Lost mutation: Your body often deteriorates upon taking damage. [mutagenic meat]
  6521 | D:14     | Reached skill level 11 in Long Blades
  6578 | D:14     | Found a burning altar of Makhleb.
  6653 | D:14     | Lost mutation: Your magical capacity is low. (-10% MP) [mutagenic meat]
  6727 | D:15     | Entered Level 15 of the Dungeon
  6764 | D:15     | Noticed a centaur warrior
  6776 | D:15     | Killed a centaur warrior
  6776 | D:15     | Reached XP level 13. HP: 98/107 MP: 16/16
  6814 | D:15     | Found a staircase to the Depths.
  6903 | D:15     | Lost mutation: You evolve. [mutagenic meat]
  6904 | D:15     | Gained mutation: Your body often deteriorates upon taking damage. [mutagenic meat]
  7044 | D:15     | Gained mutation: You are robust. (+10% HP) [mutagenic meat]
  7045 | D:15     | Lost mutation: Your spells are a little easier to cast, but a little less powerful. [mutagenic meat]
  7055 | D:15     | Lost mutation: You can translocate small distances at will. [mutagenic meat]
  7078 | D:15     | Gained mutation: You are partially covered in icy blue scales. (AC +2) [mutagenic meat]
  7349 | D:15     | Identified a scroll of acquirement
  7979 | Orc:1    | Entered Level 1 of the Orcish Mines
  8084 | Orc:1    | Found a roughly hewn altar of Beogh.
  8157 | Orc:2    | Entered Level 2 of the Orcish Mines
  8188 | Orc:2    | Found a staircase to the Elven Halls.
  8318 | Orc:2    | Found Mokhes's Antique Armour Shoppe.
  8318 | Orc:2    | Noticed an ettin
  8370 | Orc:2    | Found Naamom's Antique Weapon Shop.
  8371 | Orc:2    | Noticed a stone giant
  8453 | Orc:2    | Killed a stone giant
  8498 | Orc:2    | Found Hompuel's General Store.
  8506 | Orc:2    | Noticed Donald
  8578 | Orc:2    | Killed Donald
  8581 | Orc:2    | Reached skill level 12 in Long Blades
  8664 | Orc:2    | Reached skill level 10 in Fighting
  8731 | Orc:2    | Noticed an ettin
  8746 | Orc:2    | Noticed an ettin
  8746 | Orc:2    | Killed an ettin
  8894 | Orc:2    | Killed an ettin
  8926 | Orc:2    | Noticed Erolcha
  9028 | Orc:2    | Reached XP level 14. HP: 132/132 MP: 17/17
  9091 | Orc:2    | Killed Erolcha
  9178 | Orc:2    | Found Gubolist's Jewellery Shoppe.
  9467 | Depths:1 | Entered Level 1 of the Depths
  9712 | Depths:1 | Noticed a balrug
  9797 | Depths:1 | Killed a balrug
  9830 | Depths:1 | Noticed a stone giant
 10090 | D:10     | Noticed Erica
 10097 | D:10     | Killed Erica
 10230 | Elf:1    | Entered Level 1 of the Elven Halls
 10484 | Snake:1  | Entered Level 1 of the Snake Pit
 10494 | Snake:1  | Identified the +7 short sword of Judgement {speed, *Corrode rF++ rC+++ rN+}
 10536 | Snake:2  | Noticed a nagaraja
 10545 | Snake:2  | Killed a nagaraja
 10574 | Snake:2  | Found a bloodstained altar of Trog.
 10594 | Snake:2  | Reached skill level 13 in Long Blades
 10644 | Snake:2  | HP: 4/135 [shock serpent/bolt of electricity (8)]
 10688 | Snake:3  | Reached XP level 15. HP: 35/143 MP: 5/18
 10746 | Snake:3  | Identified the cursed +2 long sword "Ifooh" {pain, rC+ rN+} (You took it off a naga warrior on level 3 of the Snake Pit)
 10771 | Snake:3  | Found Giefaz's Gadget Boutique.
 10881 | Snake:3  | HP: 4/143 [guardian serpent (5)]
 10883 | Snake:3  | Mangled by a guardian serpent

Vault maps used:
D:1:      eino_arrival_druids_welcome, minivault_4, nrook_mini_backslash
D:2:      eat_drink_and_be_merry_uskayaw, first_bread
D:3:      cheibriados_altar_1
D:4:      guppyfry_early_orc_mine
D:5:      gammafunk_temple_overflow_wave, minmay_temple_entry_glass,
          uniq_blork_the_orc
D:6:      wad_pebble_path, uniq_duvessa, uniq_sigmund, uniq_grinder
D:7:      lightli_temple_of_fire, kennysheep_mini_moat
D:8:      basic_altar, serial_shops, shop, uniq_gastronok, uniq_psyche
D:9:      xom_teletrap_fun
D:10:     due_lair_maze_entry_diamond, orc_0_dummy, serial_shops, shop,
          uniq_erica
D:11:     minmay_the_grid_triangle_9x9_rhombus_full, serial_shops,
          nicolae_shop_competitors_out_of_business, uniq_maurice
D:12:     the_bakery, jiyva_altar_1
D:13:     erik_vaults_1, nicolae_trove_entry_crossroad
D:14:     hex_tiny, basic_altar, serial_shops, shop
D:15:     grunt_enter_depths_snipers, minmay_misc_feat_plants
Temple:   regret_index_temple_generic_petals
Lair:1:   lab_entry_generic, grunt_megastairs_3, serial_bayou_shore_b,
          lemuel_fruit_fields, infiniplex_staircase_pool_2, uniq_harold
Lair:2:   hangedman_what_comes_after_a, guppyfry_snake_entry_garden,
          minivault_26
Lair:3:   swamp_mist_pool, beast_lair_carwin_9
Lair:4:   beast_lair_carwin_large_2, serial_forest,
          infiniplex_forest_straight_3, infiniplex_forest_corner_1,
          infiniplex_forest_lined_room_2, infiniplex_forest_straight_3,
          infiniplex_forest_clump_tiny, infiniplex_forest_straight_2,
          infiniplex_forest_lined_room_, infiniplex_forest_lined_3,
          serial_bayou_shore_b
Lair:5:   slime_dummy, grunt_megastairs_5
Snake:1:  serial_shops, nicolae_shop_behind_doors, lemuel_fruit_tree
Snake:2:  basic_altar
Snake:3:  serial_bayou, serial_bayou_lake_a, serial_bayou_pond_b,
          serial_bayou_ford_a, serial_bayou_shore_a, serial_shops, shop_coins,
          st_stairs_8, basic_loot_grate_trap, minmay_shop_grove, uniq_vashnia,
          uniq_saint_roka
Orc:1:    basic_altar
Orc:2:    grunt_orc_gardens, grunt_orc_garden, grunt_orc_garden,
          grunt_orc_garden, grunt_orc_garden, uniq_erolcha, uniq_donald
Elf:1:    minmay_elf_arrival_circle, minmay_elf_necromancy, uniq_aizul
Depths:1: hellmouth_3, hangedman_abyss_entry_splay, st_stairs_13, spider_trap,
          minmay_swirly_circle
Lab:      nicolae_lab_checkerboard, nicolae_lab_hexagon, nicolae_lab_stuck,
          labyrinth_skeletal_remains, nicolae_lab_plus
Trove:    trove_jewel_2

Skill      XL: |  1  2  3  4  5  6  7  8  9 10 11 12 13 14 |
---------------+-------------------------------------------+-----
Polearms       | 2 3 5 7 9 |  9.4
Hexes          | 1 3 4 |  4.0
Charms         | 3 4 5 |  5.1
Necromancy     | 1 4 |  4.0
Spellcasting   | 2 |  2.2
Armour         | 2 3 4 5 7 8 |  8.3
Fighting       | 3 5 6 7 8 10 11 | 11.5
Dodging        | 2 3 4 5 6 8 |  8.3
Long Blades    | 7 10 11 12 13 | 13.1
Shields        | 2 |  2.6

Action                   |  1- 3 |  4- 6 |  7- 9 | 10-12 | 13-15 || total
-------------------------+-------+-------+-------+-------+-------++-------
Melee: Spear             |    99 |    83 |       |   239 |       ||   421
       Kick              |    11 |    13 |    36 |   214 |   264 ||   538
       Trident           |       |    45 |   308 |    24 |       ||   377
       Scimitar          |       |       |       |   365 |   617 ||   982
       Bite              |       |       |       |    21 |   102 ||   123
       Headbutt          |       |       |       |    14 |   170 ||   184
Throw: Throwing net      |       |       |       |     2 |       ||     2
 Cast: Infusion          |     6 |       |       |       |       ||     6
       Spectral Weapon   |     1 |     9 |    23 |    19 |     7 ||    59
       Regeneration      |       |     6 |    13 |    44 |    41 ||   104
       Song of Slaying   |       |       |     3 |     5 |    16 ||    24
       Passwall          |       |       |       |     3 |     1 ||     4
       Shroud of Golubri |       |       |       |     2 |    10 ||    12
Invok: Curse Item        |       |     1 |     1 |     4 |     3 ||     9
       Scrying           |       |       |       |     1 |       ||     1
Evoke: Wand              |       |       |       |     5 |    13 ||    18
  Use: Potion            |       |       |     1 |     1 |     5 ||     7
       Scroll            |       |       |     5 |    16 |     7 ||    28
 Stab: Distracted        |       |     1 |       |     1 |       ||     2
       Paralysed         |       |       |       |    18 |       ||    18
       Held in net/web   |       |       |       |     1 |       ||     1
       Invisible         |       |       |       |       |     5 ||     5
  Eat: Fruit             |     2 |       |       |       |       ||     2
       Royal jelly       |       |     1 |       |       |       ||     1
       Chunk             |       |       |    12 |    36 |    18 ||    66
       Meat ration       |       |       |     2 |       |       ||     2
       Bread ration      |       |       |       |     2 |     3 ||     5
Armor: Leather armour    |    19 |     7 |       |       |       ||    26
       Skin              |       |    21 |     5 |       |       ||    26
       Ring mail         |       |     1 |   119 |   180 |   229 ||   529
Dodge: Dodged            |    23 |    22 |    97 |   199 |   233 ||   574
Block: Buckler           |       |       |       |    12 |   310 ||   322
       Reflection        |       |       |       |       |    21 ||    21
       Rpst.: Scimitar   |       |       |       |    41 |    47 ||    88
